 Dungeon Crawl Stone Soup version 0.21-a0-13-g3fd62ac (webtiles) character file.

360458 tomku the Warrior (level 21, 0/164 HPs)
             Began as a Demonspawn Fighter on May 22, 2017.
             Was the Champion of Hepliaklqana.
             Slain by Mennas
             ... wielding a +5 sacred scourge of holy wrath
              (9 damage)
             ... on level 2 of the Vaults on May 23, 2017.
             The game lasted 03:47:47 (43043 turns).

tomku the Warrior (Demonspawn Fighter)             Turns: 43043, Time: 03:47:48

Health: 0/164      AC: 30    Str: 28    XL:     21   Next: 48%
Magic:  0/26       EV: 12    Int: 12    God:    Hepliaklqana [******]
Gold:   3990       SH: 18    Dex: 14    Spells: 3/20 levels left

rFire    + + .     SeeInvis +   n - +9 demon trident (elec)
rCold    + . .     Gourm    .   M - +1 shield of Nauts {rElec rF+ rN+}
rNeg     + . .     Faith    .   f - +2 plate armour {rF+}
rPois    .         Spirit   +   (helmet unavailable)
rElec    +         Reflect  +   t - scarf {cloud immunity}
rCorr    +         Harm     .   b - +2 pair of gloves
MR       ++...                  r - +2 pair of boots {Fly}
Stlth    ..........             S - +2 amulet of reflection
Regen    0.4/turn               o - ring of resist corrosion
MPRegen  0.4/turn               g - ring of protection from magic

@: mighty, flying, slowed, glowing, silenced, very slow
A: reduced essence, antennae 3, slimy green scales 2, cold resistance 1, powered
by death 3, magic shield, magic regeneration, freezing cloud immunity
}: 2/15 runes: barnacled, gossamer
a: Renounce Religion, Stop Flying


You were on level 2 of the Vaults.
You worshipped Hepliaklqana.
Hepliaklqana was exalted by your worship.
You were hungry.

You visited 7 branches of the dungeon, and saw 34 of its levels.
You visited the Abyss 1 time.
You also visited: Bailey and Ice Cave.

You collected 5124 gold pieces.
You spent 1134 gold pieces at shops.

Inventory:

Hand Weapons
 n - a +9 demon trident of electrocution (weapon)
 q - the +13 lance "Wyrmbane" {slay drac, rPois rF+ rC+ AC+3}
   (You found it on level 7 of the Dungeon)

   It affects your AC (+3).
   It protects you from fire.
   It protects you from cold.
   It protects you from poison.
Missiles
 u - 22 javelins of returning
 Z - 7 throwing nets (quivered)
Armour
 b - a +2 pair of gloves (worn)
 f - a +2 plate armour of fire resistance (worn)
 r - a +2 pair of boots of flying (worn)
 t - a scarf of cloud immunity (worn)
 M - the +1 shield of Nauts (worn) {rElec rF+ rN+}
   (You bought it in a shop on level 2 of the Orcish Mines)

   It protects you from fire.
   It insulates you from electricity.
   It protects you from negative energy.
Jewellery
 g - a ring of protection from magic (right hand)
 l - an uncursed ring of stealth
 o - a ring of resist corrosion (left hand)
 p - an uncursed ring of positive energy
 I - a cursed -2 ring of evasion
 S - a +2 amulet of reflection (around neck)
Wands
 y - a wand of paralysis (19/24)
 H - a wand of polymorph (14/24)
 L - a wand of digging (8/24)
 N - a wand of confusion (24/48)
 V - a wand of iceblast (4/15)
 W - a wand of lightning (8/15)
Scrolls
 e - 11 scrolls of remove curse
 m - 6 scrolls of identify
 v - 2 scrolls of fear
 x - 2 scrolls of magic mapping
 A - 8 scrolls of fog
 C - 6 scrolls of enchant armour
 D - a scroll of summoning
 J - 2 scrolls of silence
 K - 8 scrolls of teleportation
 P - 2 scrolls of acquirement
 U - 5 scrolls of recharging
Potions
 a - 8 potions of flight
 i - 6 potions of might
 k - 10 potions of ambrosia
 s - 7 potions of brilliance
 w - 2 potions of magic
 z - 3 potions of haste
 B - a potion of invisibility
 E - 4 potions of agility
 G - 4 potions of cancellation
 Q - 3 potions of resistance
 X - 7 potions of curing
 Y - a potion of berserk rage
Comestibles
 c - 5 royal jellies
 d - 22 bread rations
 h - 22 fruits
 j - 17 meat rations
 F - 10 chunks of flesh


   Skills:
 - Level 20.0 Fighting
   Level 1.0 Short Blades
 - Level 14.1 Polearms
 + Level 17.6 Armour
 - Level 7.0 Dodging
 + Level 15.6 Shields
 - Level 8.6 Unarmed Combat
 + Level 7.4 Invocations


You had 3 spell levels left.
You knew the following spells:

 Your Spells              Type           Power        Failure   Level  Hunger
a - Swiftness             Chrm/Air       #.......     95%         2    ###....
b - Ozocubu's Armour      Chrm/Ice       #.......     99%         3    ####...
c - Deflect Missiles      Chrm/Air       #.........   100%        6    #######
d - Blink                 Tloc           N/A          95%         2    ###....
e - Passage of Golubria   Tloc           N/A          100%        4    #####..


Dungeon Overview and Level Annotations

Branches:
Dungeon (15/15)            Temple (0/1) D:7            Lair (6/6) D:10
 Shoals (4/4) Lair:2       Spider (4/4) Lair:2        Slime (0/5) Lair:5
    Orc (2/2) D:10            Elf (0/3) Orc:2        Vaults (2/5) D:13
  Crypt (0/3) Vaults:2     Depths (1/5) D:15

Altars:
Elyvilon
Fedhas
Gozag
Hepliaklqana
Kikubaaqudgha
Okawaru
Sif Muna
Uskayaw
Xom
Yredelemnul
Zin
Beogh

Shops:
D:4 !   D:7 =   D:8 }   D:9 ?   Orc:2 ([%*   Shoals:1 ?   Vaults:1 (
Vaults:2 %

Portals:
Hell: Depths:1

Annotations:
D:6 2 transporters
Vaults:2 Mennas


Innate Abilities, Weirdness & Mutations

You have a pair of large antennae on your head. (SInv)
You are mostly covered in slimy green scales. (AC +3)
Your flesh is cold resistant. (rC+)
You regenerate a lot of health from kills.
When hurt, damage is shared between your health and your magic reserves.
You regenerate magic rapidly.
You are immune to freezing clouds.
Your life essence is reduced. (-10% HP)


Message History

You block Mennas's attack.
Mennas hits you with a sacred scourge of holy wrath.
* * * LOW HITPOINT WARNING * * *
You convulse.
* * * LOW HITPOINT WARNING * * *
Press: ? - help, v - describe, . - travel
Here: Mennas, wielding a sacred scourge of holy wrath and wearing a large shield (silenced, heavily wounded, radiating silence, haloed)
An open door.
Unknown command.
Mennas hits you but does no damage. x2
You feel a strong urge to attack something.
You are no longer berserk.
You are exhausted.
You feel yourself slow down.
Mennas hits you with a sacred scourge of holy wrath.
* * * LOW HITPOINT WARNING * * *
You convulse.
* * * LOW HITPOINT WARNING * * *
Mennas hits you with a sacred scourge of holy wrath!
You die...

#....# #....# #.....#
#....# #.....# #....#
#.....# #....# #.....#
#....# #..... #....#
#...
#######....####'#######
...........@A..........
.......................
#######################


You could see Mennas.

Vanquished Creatures
  Nikola (Spider:2)
  A bone dragon (Abyss:2)
  An Ice Fiend (IceCv)
  A kraken (Shoals:4)
  A storm dragon (Vaults:1)
  2 frost giants
  A vault warden (Vaults:2)
  3 ghost moths
  A balrug (Depths:1)
  6 emperor scorpions
  A deep elf sorcerer (Vaults:2)
  The ghost of JNO the Fighter, a journeyman MiMo of Yredelemnul (Spider:2)
  Aizul (Spider:3)
  10 ironheart preservers
  4 very ugly things (Depths:1)
  4 entropy weavers
  A stone giant (Vaults:1)
  A vampire knight (Depths:1)
  A starcursed mass (Abyss:2)
  3 deep elf demonologists
  A spark wasp (shapeshifter) (D:15)
  2 spark wasps
  3 deep elf death magi
  2 merfolk javelineers
  Snorg (D:11)
  An ettin (Depths:1)
  3 yaktaur captains
  9 merfolk impalers
  A green death (Abyss:2)
  Josephine (Spider:1)
  2 fire dragons
  A vault guard (Vaults:2)
  A great orb of eyes (Vaults:2)
  8 hydras
  A rakshasa (D:14)
  6 ice dragons
  The ghost of xgamer67 the Geomancer, a journeyman OpEE of Vehumet (Lair:3)
  Erolcha (D:9)
  An alligator snapping turtle (Shoals:1)
  A merfolk avatar (Shoals:2)
  2 catoblepae
  Erica (D:11)
  3 satyrs (Shoals:4)
  8 merfolk aquamancers
  35 two-headed ogres
  A queen ant (Spider:4)
  9 ogre magi
  3 tengu warriors
  2 deep troll shamans
  7 death yaks
  5 centaur warriors
  A titan zombie (D:15)
  A vampire mage (D:15)
  A thrashing horror (Abyss:2)
  An orc high priest (Orc:2)
  The ghost of sveltemanboy the Carver, a novice DsMo of Okawaru (D:10)
  2 sun demons (Depths:1)
  4 wretched stars (Abyss:2)
  A sixfirhy (Abyss:2)
  Nergalle (Orc:1)
  3 deep elf knights
  3 deep trolls
  6 sea snakes
  4 skeletal warriors
  4 unseen horrors
  A shadow demon (Abyss:2)
  4 ironbrand convokers (Vaults:1)
  13 harpies
  2 phantasmal warriors (Depths:1)
  A deep elf archer (Vaults:1)
  9 orc knights
  An entropy weaver zombie (Vaults:1)
  A wizard (D:11)
  2 necromancers
  15 wolf spiders
  A harpy (shapeshifter) (D:12)
  16 ugly things
  2 oklob plants
  5 orb spiders
  2 orc sorcerers (Orc:2)
  4 deep elf magi
  13 fauns
  9 merfolk sirens
  A salamander (shapeshifter) (Vaults:2)
  7 cyclopes
  15 manticores
  A stone giant zombie (D:15)
  A moth of wrath (Spider:4)
  A frost giant skeleton (Vaults:1)
  2 water nymphs (Shoals:4)
  A centaur zombie (D:13)
  3 black mambas
  2 ice statues
  A smoke demon (Vaults:1)
  5 elephants
  Maurice (D:8)
  A centaur skeleton (D:13)
  A torpor snail (Spider:2)
  4 vault sentinels
  2 gargoyles
  5 spiny frogs
  A kobold demonologist (D:15)
  12 yaktaurs
  An efreet (D:15)
  3 rime drakes
  3 komodo dragons
  10 demonic crawlers
  3 ice devils (IceCv)
  3 freezing wraiths
  4 anaconda simulacra (IceCv)
  3 tengu conjurers
  A golden dragon simulacrum (IceCv)
  An ancient zyme (Abyss:2)
  A queen bee (Spider:2)
  15 merfolk
  2 meliai (Spider:2)
  A polar bear (Lair:6)
  14 trolls
  7 jumping spiders
  2 wind drakes (Shoals:4)
  8 hornets
  A harpy skeleton (D:15)
  10 hippogriffs
  2 large abominations (Abyss:2)
  13 slime creatures
  A wolf spider simulacrum (D:14)
  4 small abominations (Abyss:2)
  An elf zombie (D:15)
  4 dream sheep
  16 blink frogs
  7 snapping turtles
  2 human simulacra (Vaults:1)
  25 redbacks
  A vampire (D:11)
  11 tarantellas
  A shadow (D:14)
  8 water elementals
  5 wraiths
  4 wyverns
  20 yaks
  A yak (shapeshifter) (Vaults:2)
  2 basilisks
  15 humans (D:13)
  A human (shapeshifter) (Vaults:1)
  3 hungry ghosts
  A chaos spawn (Abyss:2)
  An acid dragon (D:13)
  10 vampire mosquitoes
  4 harpy simulacra (IceCv)
  2 wargs
  2 iron troll simulacra (IceCv)
  16 soldier ants (Spider:4)
  2 swamp worms (Spider:1)
  2 hydra simulacra (IceCv)
  6 water moccasins
  10 porcupines
  28 orc warriors
  A black bear (Lair:6)
  5 ice beasts
  2 ice beasts (shapeshifter)
  4 sky beasts
  11 wolves
  A centaur (shapeshifter) (Vaults:1)
  2 ettin simulacra (IceCv)
  2 eyes of draining
  9 boggarts
  8 centaurs
  41 ogres
  5 crocodiles
  2 big kobolds
  A human zombie (Vaults:1)
  17 bullfrogs
  A wyvern skeleton (D:7)
  2 scorpions
  21 killer bees
  3 wights (D:7)
  2 electric eels
  7 crimson imps
  5 howler monkeys
  A quasit (Abyss:2)
  A bullfrog zombie (D:8)
  3 draconian simulacra (IceCv)
  11 orc priests
  3 hounds
  A bullfrog skeleton (D:12)
  18 orc wizards
  2 iguanas
  Ijyb (D:5)
  28 worker ants
  A troll simulacrum (IceCv)
  3 polar bear simulacra (IceCv)
  A spriggan simulacrum (IceCv)
  A centaur simulacrum (IceCv)
  A hound skeleton (D:4)
  A worker ant zombie (D:11)
  Robin (D:4)
  4 gnolls (D:2)
  2 ogre simulacra (IceCv)
  7 adders
  3 naga simulacra (IceCv)
  3 shadow imps
  5 white imps (IceCv)
  7 ufetubi
  An ooze (D:1)
  An adder skeleton (D:9)
  11 worms
  3 dart slugs
  5 leopard geckos
  84 orcs
  A ball python (D:2)
  4 giant cockroaches
  11 goblins
  9 hobgoblins
  7 jackals
  3 quokkas
  4 bats
  6 frilled lizards
  12 kobolds
  6 rats
  8 tentacles (Shoals:4)
1130 creatures vanquished.

Vanquished Creatures (collateral kills)
  Arachne (Spider:3)
  Rupert (D:13)
  A kraken (Shoals:2)
  A sphinx (Vaults:2)
  Donald (Spider:3)
  A tengu reaver (Vaults:1)
  Ilsuiw (Shoals:4)
  Roxanne (D:15)
  A stone giant (Depths:1)
  2 emperor scorpions
  An ironheart preserver (Vaults:1)
  2 entropy weavers
  2 very ugly things (Depths:1)
  2 deep elf annihilators (Vaults:1)
  A spark wasp (Spider:4)
  2 ettins (Depths:1)
  A yaktaur captain (Depths:1)
  2 merfolk javelineers
  A merfolk impaler (Shoals:2)
  5 ogre magi
  A vault guard (Vaults:2)
  An alligator snapping turtle (Shoals:3)
  An ice dragon (Vaults:1)
  A merfolk avatar (Shoals:1)
  3 centaur warriors
  A satyr (Shoals:3)
  8 two-headed ogres
  An orc high priest (Orc:2)
  2 death yaks (Lair:6)
  A deep troll earth mage (Vaults:1)
  2 merfolk aquamancers
  A tengu warrior (Depths:1)
  A thrashing horror (Abyss:2)
  A wretched star (Abyss:2)
  3 skeletal warriors (Vaults:2)
  A shadow wraith (Vaults:1)
  2 unseen horrors (D:10)
  6 sea snakes
  2 deep trolls (Vaults:1)
  2 ironbrand convokers
  A lindwurm (Lair:6)
  3 deep elf magi
  5 orb spiders
  7 harpies
  A fire giant zombie (D:15)
  An orc sorcerer (Orc:1)
  8 wolf spiders
  5 ugly things
  3 manticores (Shoals:3)
  10 fauns
  A mana viper (Abyss:2)
  5 oklob plants
  An elephant (Lair:6)
  4 merfolk sirens
  A water nymph (Shoals:1)
  2 black mambas
  3 vault sentinels
  Psyche (D:8)
  A gargoyle (D:11)
  8 spiny frogs
  A centaur skeleton (D:14)
  An efreet (Abyss:2)
  3 freezing wraiths
  5 demonic crawlers
  2 ice devils (IceCv)
  A komodo dragon (Lair:3)
  A hellwing (Abyss:2)
  An anaconda simulacrum (IceCv)
  4 jumping spiders
  A meliai (Spider:2)
  20 merfolk
  6 blink frogs
  3 hornets
  A wind drake (Shoals:1)
  2 hippogriffs
  5 dream sheep
  A raiju (Abyss:2)
  4 slime creatures
  11 snapping turtles
  A fire giant simulacrum (Vaults:1)
  A large abomination (Abyss:2)
  19 redbacks
  3 wraiths
  2 shadows (D:14)
  6 water elementals
  9 tarantellas
  A wyvern (Lair:6)
  12 yaks
  A hungry ghost (D:7)
  A chaos spawn (Abyss:2)
  4 vampire mosquitoes
  A warg (Orc:2)
  A harpy simulacrum (IceCv)
  6 soldier ants (Spider:4)
  5 swamp worms (Spider:1)
  A hydra simulacrum (IceCv)
  2 water moccasins
  3 porcupines
  A sky beast (D:5)
  A small abomination (Abyss:2)
  An ice beast (D:4)
  13 orc warriors
  An ettin simulacrum (IceCv)
  7 ogres
  2 phantoms
  3 wolves
  2 boggarts
  6 centaurs
  A crocodile (Lair:4)
  Blork the orc (D:5)
  A big kobold (D:11)
  5 bullfrogs
  A wyvern zombie (D:12)
  2 scorpions
  6 killer bees
  4 electric eels
  A crimson imp (D:11)
  A draconian simulacrum (IceCv)
  5 orc priests
  2 bullfrog skeletons
  6 hounds
  An iguana (D:8)
  13 orc wizards
  3 worker ants (Spider:4)
  A troll simulacrum (IceCv)
  2 centaur simulacra (IceCv)
  A hound zombie (D:5)
  A worker ant zombie (D:11)
  An ogre simulacrum (IceCv)
  2 adders
  A shadow imp (D:6)
  2 oozes
  5 worms (Spider:1)
  35 orcs
  2 bats
  3 giant cockroaches
  5 goblins
  2 kobolds
  A bush (Lair:5)
  A fungus (Lair:6)
  20 plants
  2 tentacles
471 creatures vanquished.

Vanquished Creatures (others)
  A yaktaur captain (Vaults:1)
  A merfolk aquamancer (Shoals:3)
  A satyr (Shoals:4)
  An ogre mage (D:14)
  A wizard (Vaults:1)
  A deep elf archer (Vaults:1)
  An orc knight (D:13)
  2 cyclopes
  3 fauns
  3 yaktaurs (Depths:1)
  A wraith (Spider:1)
  An ogre (Vaults:2)
  5 centaurs
  An orc wizard (Orc:2)
  61 battlemagi
  A white imp (Abyss:2)
  3 ancestors
  4 orcs
  12 bushes
  8 fungi
  62 plants
  53 tentacles
227 creatures vanquished.

Grand Total: 1828 creatures vanquished

Notes
Turn   | Place    | Note
-------+----------+-------------------------------------------
     0 | D:1      | tomku the Demonspawn Fighter began the quest for the Orb.
     0 | D:1      | Reached XP level 1. HP: 18/18 MP: 1/1
    98 | D:1      | Gained mutation: When hurt, damage is shared between your health and your magic reserves. [demonic ancestry]
    98 | D:1      | Reached XP level 2. HP: 14/24 MP: 2/2
   789 | D:2      | Gained mutation: You are partially covered in slimy green scales. (AC +2) [demonic ancestry]
   789 | D:2      | Reached XP level 3. HP: 24/29 MP: 3/3
   845 | D:2      | Found an iron altar of Okawaru.
   853 | D:2      | Reached skill level 1 in Short Blades
   871 | D:2      | Found an ancient bone altar of Kikubaaqudgha.
   872 | D:2      | Found a deep blue altar of Sif Muna.
   872 | D:2      | Found a hazy altar of Hepliaklqana.
   874 | D:2      | Found a hide-covered altar of Uskayaw.
   877 | D:2      | Found a blossoming altar of Fedhas.
  1121 | D:2      | Became a worshipper of Hepliaklqana the Forgotten
  1248 | D:2      | Gained mutation: You regenerate a little health from kills. [demonic ancestry]
  1248 | D:2      | Reached XP level 4. HP: 26/31 MP: 2/4
  1329 | D:2      | Found a shimmering altar of Xom.
  1329 | D:2      | Found a shimmering altar of Xom.
  1329 | D:2      | Found a shimmering altar of Xom.
  1330 | D:2      | Found a shimmering altar of Xom.
  1330 | D:2      | Found a shimmering altar of Xom.
  1332 | D:2      | Found a shimmering altar of Xom.
  1463 | D:2      | Found a shimmering altar of Xom.
  1464 | D:2      | Found a shimmering altar of Xom.
  1724 | D:2      | Reached XP level 5. HP: 17/36 MP: 2/5
  1950 | D:3      | Reached skill level 5 in Unarmed Combat
  2294 | D:3      | Reached * piety under Hepliaklqana
  2568 | D:3      | Found a glowing silver altar of Zin.
  2638 | D:4      | Found Heda Ont's Distillery.
  2649 | D:4      | Bought a potion of curing for 33 gold pieces
  2649 | D:4      | Bought a potion of lignification for 33 gold pieces
  2680 | D:4      | Reached XP level 6. HP: 37/42 MP: 6/6
  2715 | D:4      | Noticed an ice beast
  2732 | D:4      | Killed an ice beast
  2935 | D:4      | Noticed Robin
  2944 | D:4      | Killed Robin
  3081 | D:4      | Gained mutation: You have a pair of small antennae on your head. [demonic ancestry]
  3081 | D:4      | Reached XP level 7. HP: 46/46 MP: 7/7
  3319 | D:5      | Entered Level 5 of the Dungeon
  3382 | D:5      | Noticed Blork the orc
  3500 | D:5      | Reached skill level 5 in Armour
  3512 | D:5      | Found an opulent altar of Gozag.
  3575 | D:5      | Noticed Ijyb
  3600 | D:5      | Killed Ijyb
  3730 | D:5      | Reached XP level 8. HP: 39/52 MP: 6/8
  3971 | D:5      | Reached ** piety under Hepliaklqana
  3972 | D:5      | Remembered your ancestor Cuahtemoc as a battlemage
  4044 | D:5      | Killed Blork the orc
  4385 | D:6      | Found a white marble altar of Elyvilon.
  4385 | D:6      | Noticed a cyclops
  5142 | D:6      | Reached *** piety under Hepliaklqana
  5276 | D:7      | Gained mutation: You regenerate health from kills. [demonic ancestry]
  5276 | D:7      | Reached XP level 9. HP: 48/56 MP: 9/9
  5281 | D:7      | Found a flagged portal.
  5298 | Bailey   | Entered a bailey
  5298 | Bailey   | Noticed an orc knight
  5298 | Bailey   | Noticed an orc knight
  5301 | Bailey   | Noticed an orc knight
  5366 | Bailey   | Killed an orc knight
  5369 | Bailey   | Killed an orc knight
  5372 | Bailey   | Killed an orc knight
  5384 | Bailey   | Reached skill level 5 in Polearms
  5405 | Bailey   | Gained mutation: Your flesh is cold resistant. (rC+) [demonic ancestry]
  5405 | Bailey   | Reached XP level 10. HP: 59/63 MP: 7/10
  5780 | D:7      | Found Redoist's Jewellery Shop.
  5799 | D:7      | Bought a +2 amulet of reflection for 82 gold pieces
  5957 | D:7      | Found a staircase to the Ecumenical Temple.
  6109 | D:8      | Noticed a two-headed ogre
  6117 | D:8      | Killed a two-headed ogre
  6178 | D:8      | Noticed a two-headed ogre
  6193 | D:8      | Killed a two-headed ogre
  6289 | D:8      | Reached skill level 10 in Armour
  6309 | D:8      | Found Gacexoub's Gadget Shoppe.
  6337 | D:8      | Noticed Maurice
  6347 | D:8      | Killed Maurice
  6404 | D:8      | Noticed Psyche
  6411 | D:8      | Killed Psyche
  6820 | D:9      | Reached **** piety under Hepliaklqana
  7114 | D:9      | Learned a level 2 spell: Swiftness
  7118 | D:9      | Learned a level 3 spell: Ozocubu's Armour
  7163 | D:9      | Gained mutation: You are mostly covered in slimy green scales. (AC +3) [demonic ancestry]
  7163 | D:9      | Reached XP level 11. HP: 67/67 MP: 11/11
  7273 | D:9      | Noticed Erolcha
  7277 | D:9      | Killed Erolcha
  7519 | D:9      | Found Efroh Jirra's Magic Scroll Boutique.
  7653 | D:10     | Entered Level 10 of the Dungeon
  7678 | D:10     | Found a staircase to the Lair.
  7678 | D:10     | Noticed a death yak
  7679 | D:10     | Noticed a death yak
  7681 | D:10     | Noticed a death yak
  7690 | D:10     | Killed a death yak
  7690 | D:10     | Reached skill level 4 in Fighting
  7697 | D:10     | Killed a death yak
  7716 | D:10     | Killed a death yak
  7716 | D:10     | Reached skill level 5 in Shields
  7891 | D:10     | Found a staircase to the Orcish Mines.
  8021 | D:10     | Killed an unseen horror
  8143 | D:10     | Killed an unseen horror
  8143 | D:10     | Reached skill level 5 in Fighting
  8176 | D:10     | Killed an unseen horror
  8602 | D:10     | Noticed sveltemanboy's ghost (novice DsMo)
  8621 | D:10     | Killed sveltemanboy's ghost
  8666 | D:11     | Noticed Snorg
  8679 | D:11     | Killed Snorg
  8742 | D:11     | Gained mutation: You have a pair of antennae on your head. [demonic ancestry]
  8742 | D:11     | Reached XP level 12. HP: 56/77 MP: 9/12
  8820 | D:11     | Noticed a two-headed ogre
  8823 | D:11     | Noticed a two-headed ogre
  8826 | D:11     | Killed a two-headed ogre
  8826 | D:11     | Reached skill level 10 in Polearms
  8831 | D:11     | Killed a two-headed ogre
  8831 | D:11     | Reached skill level 6 in Fighting
  9196 | D:11     | Learned a level 6 spell: Deflect Missiles
  9270 | D:11     | Noticed a two-headed ogre
  9374 | D:11     | Noticed Erica
  9391 | D:11     | Killed Erica
  9833 | D:12     | Noticed a two-headed ogre
  9843 | D:12     | Killed a two-headed ogre
 10133 | D:12     | Reached skill level 7 in Fighting
 10489 | Lair:1   | Entered Level 1 of the Lair of Beasts
 10624 | Lair:1   | Reached ***** piety under Hepliaklqana
 10735 | Lair:1   | Reached skill level 1 in Invocations
 10932 | Lair:1   | Noticed a four-headed hydra
 10941 | Lair:1   | Killed a four-headed hydra
 11035 | Lair:1   | Gained mutation: You have a pair of large antennae on your head. (SInv) [demonic ancestry]
 11035 | Lair:1   | Reached XP level 13. HP: 80/86 MP: 10/13
 11453 | Lair:2   | Found a hole to the Spider Nest.
 11685 | Lair:2   | Found a staircase to the Shoals.
 12007 | Lair:2   | shoals, bleh
 12160 | Lair:3   | Noticed xgamer67's ghost (journeyman OpEE)
 12175 | Lair:3   | Killed xgamer67's ghost
 12461 | Lair:3   | Reached skill level 8 in Fighting
 13122 | Lair:4   | Reached ****** piety under Hepliaklqana
 13159 | Lair:4   | Reached skill level 1 in Dodging
 13189 | Lair:4   | Identified a scroll of acquirement
 13717 | Lair:5   | Reached skill level 9 in Fighting
 14127 | Lair:5   | Found a staircase to the Slime Pits.
 14511 | Lair:6   | Entered Level 6 of the Lair of Beasts
 14672 | Lair:6   | Reached XP level 14. HP: 97/98 MP: 14/14
 14905 | Lair:6   | Reached skill level 10 in Fighting
 15058 | Lair:6   | Learned a level 2 spell: Blink
 15182 | Lair:6   | it better not be anything decent
 15184 | Lair:6   | Got an ebony quarterstaff
 15185 | Lair:6   | Identified the +8 quarterstaff "Gifolub" {freeze, Fragile +Blink rPois Str+3} (You found it on level 6 of the Lair of Beasts)
 15186 | Lair:6   | that's pretty sweet, but im sticking (sic) to my lance
 15587 | Lair:6   | dire elephant ending?
 15651 | Lair:6   | Got a transparent demon whip
 16424 | D:12     | Reached skill level 11 in Fighting
 16729 | D:12     | You fall through a shaft for 2 floors!
 16730 | D:14     | uh oh
 16867 | D:14     | Reached skill level 5 in Dodging
 17988 | D:14     | Identified the cursed +1 demon whip of Beogh's Generosity {vamp, +Fly rElec} (You found it on level 6 of the Lair of Beasts)
 18026 | D:14     | Reached XP level 15. HP: 108/108 MP: 15/15
 18070 | D:14     | Reached skill level 12 in Fighting
 18165 | D:15     | Entered Level 15 of the Dungeon
 18165 | D:15     | Noticed Roxanne
 18309 | D:15     | Found a staircase to the Depths.
 18651 | D:15     | Reached skill level 10 in Shields
 19920 | D:15     | relec
 19920 | D:15     | whoops
 20158 | D:15     | Killed Roxanne
 20159 | D:15     | Identified Roxanne's Collected Works on the Mountains (You took it off Roxanne on level 15 of the Dungeon)
 20322 | D:13     | Found a gate to the Vaults.
 20322 | D:13     | Noticed Rupert
 20390 | D:13     | Killed Rupert
 20462 | D:13     | Reached skill level 13 in Fighting
 20857 | D:13     | acid dragon is not a real dragon?! ;s
 21642 | Orc:1    | Entered Level 1 of the Orcish Mines
 21644 | Orc:1    | Noticed Nergalle
 21659 | Orc:1    | Killed Nergalle
 21775 | Orc:2    | Entered Level 2 of the Orcish Mines
 22099 | Orc:2    | Found Vuappum's Antique Armour Shop.
 22172 | Orc:2    | Gained mutation: You regenerate magic rapidly. [demonic ancestry]
 22172 | Orc:2    | Reached XP level 16. HP: 117/118 MP: 16/18
 22274 | Orc:2    | Found Tagistuphe's General Store.
 22275 | Orc:2    | Found Cofaew's Antique Weapon Shoppe.
 22320 | Orc:2    | Found Orchusmuta's Food Emporium.
 22361 | Orc:2    | Found a staircase to the Elven Halls.
 22411 | Orc:2    | Bought a slimy shield for 266 gold pieces
 22421 | Orc:2    | Identified the +1 shield of Nauts {rElec rF+ rN+} (You bought it in a shop on level 2 of the Orcish Mines)
 22851 | Orc:1    | Found a roughly hewn altar of Beogh.
 22883 | Orc:1    | Reached skill level 14 in Fighting
 23233 | Orc:1    | lets try spider
 23328 | Spider:1 | Entered Level 1 of the Spider Nest
 23387 | Spider:1 | Reached skill level 5 in Invocations
 23694 | Depths:1 | Entered Level 1 of the Depths
 24603 | Depths:1 | Paralysed by an ogre mage for 6 turns
 25005 | Depths:1 | Reached skill level 15 in Fighting
 25226 | Depths:1 | uh oh
 25226 | Depths:1 | time to abort
 25513 | Depths:1 | Found a gateway to Hell.
 25519 | Depths:1 | Got a glittering ruby amulet
 25523 | Depths:1 | Identified the amulet "Ifarghovo" {Faith rPois rC+++ Int-5 Stlth-} (You found it on level 1 of the Depths)
 25863 | Depths:1 | Reached XP level 17. HP: 127/127 MP: 20/20
 25975 | Depths:1 | Reached skill level 16 in Fighting
 25975 | Depths:1 | Reached XP level 18. HP: 135/135 MP: 21/21
 26038 | Depths:1 | Upgraded the game from 0.21-a0-2-ge494091 to 0.21-a0-13-g3fd62ac
 26218 | Shoals:1 | Entered Level 1 of the Shoals
 26850 | Shoals:1 | Found Hacir's Magic Scroll Shop.
 27454 | Shoals:2 | Reached skill level 15 in Armour
 28337 | Shoals:2 | Reached skill level 17 in Fighting
 28480 | Shoals:3 | Found a frozen archway.
 28513 | IceCv    | Entered an ice cave
 28522 | IceCv    | is this the ice fiend ending?
 29144 | IceCv    | Noticed an Ice Fiend
 29179 | IceCv    | don't torment me bro
 29209 | IceCv    | Killed an Ice Fiend
 30511 | Shoals:4 | Entered Level 4 of the Shoals
 31489 | Shoals:3 | Reached skill level 18 in Fighting
 31711 | Shoals:4 | Reached XP level 19. HP: 120/146 MP: 20/22
 32259 | Shoals:4 | Noticed Ilsuiw
 32264 | Shoals:4 | ugh
 32272 | Shoals:4 | will cancelation kill me if im flying above deep water?
 33001 | Shoals:4 | motherfsckers
 33174 | Shoals:4 | Killed Ilsuiw
 33252 | Shoals:4 | Identified Reuqetokh's Compendium of Curses
 33323 | Shoals:4 | Got a barnacled rune of Zot
 34870 | D:4      | Bought a potion of heal wounds for 55 gold pieces
 34870 | D:4      | Bought a potion of heal wounds for 55 gold pieces
 34870 | D:4      | Bought a potion of heal wounds for 55 gold pieces
 34870 | D:4      | Bought a potion of heal wounds for 55 gold pieces
 34870 | D:4      | Bought a potion of curing for 33 gold pieces
 34870 | D:4      | Bought 2 potions of might for 88 gold pieces
 34870 | D:4      | Bought a potion of might for 44 gold pieces
 34870 | D:4      | Bought a potion of haste for 110 gold pieces
 35124 | Spider:1 | Noticed Josephine
 35132 | Spider:1 | Cast into level 2 of the Abyss (Josephine)
 35502 | Abyss:2  | mfucker
 35517 | Abyss:2  | Noticed a bone dragon
 35557 | Abyss:2  | Killed a bone dragon
 35579 | Spider:1 | Escaped the Abyss
 35585 | Spider:1 | Killed Josephine
 35709 | Spider:1 | Reached skill level 19 in Fighting
 36454 | Spider:2 | Noticed Nikola
 36470 | Spider:2 | Killed Nikola
 36682 | Shoals:1 | Bought a scroll of identify for 36 gold pieces
 36682 | Shoals:1 | Bought a scroll of enchant armour for 135 gold pieces
 36682 | Shoals:1 | Bought a scroll of teleportation for 54 gold pieces
 36773 | Shoals:3 | Learned a level 4 spell: Passage of Golubria
 37336 | Spider:2 | Noticed JNO's ghost (journeyman MiMo)
 37351 | Spider:2 | Killed JNO's ghost
 37488 | Spider:3 | Noticed Aizul
 37488 | Spider:3 | Noticed Arachne
 37820 | Spider:3 | Killed Arachne
 38146 | Spider:3 | Killed Aizul
 38146 | Spider:3 | Gained mutation: You are immune to freezing clouds. [demonic ancestry]
 38146 | Spider:3 | Reached XP level 20. HP: 98/156 MP: 15/23
 38348 | Spider:3 | Noticed Donald
 38361 | Spider:3 | Killed Donald
 38720 | Spider:4 | Entered Level 4 of the Spider Nest
 39394 | Spider:4 | Reached skill level 20 in Fighting
 39943 | Spider:4 | Got a gossamer rune of Zot
 40586 | Vaults:1 | Entered Level 1 of the Vaults
 40940 | Vaults:1 | Reached skill level 15 in Shields
 41355 | Vaults:1 | Gained mutation: You regenerate a lot of health from kills. [demonic ancestry]
 41355 | Vaults:1 | Reached XP level 21. HP: 156/164 MP: 24/24
 41632 | Vaults:1 | Found Pijuusm's Weapon Boutique.
 42238 | Vaults:2 | Found Hugick's Food Shop.
 42645 | Vaults:2 | Found a staircase to the Crypt.
 42645 | Vaults:2 | Found an ancient bone altar of Kikubaaqudgha.
 42646 | Vaults:2 | Found a basalt altar of Yredelemnul.
 42986 | Vaults:2 | Noticed Mennas
 43019 | Vaults:2 | HP: 1/164 [Mennas/sacred scourge of holy wrath (19)]
 43020 | Vaults:2 | uh oh
 43043 | Vaults:2 | Slain by Mennas

Vault maps used:
D:1:      grunt_arrival_crossed_arrows
D:2:      minitemple, xom_redecorated
D:3:      zin_treasury, solitary_fountain
D:4:      serial_shops, nicolae_shop_statue_plus, kennysheep_small_circle,
          uniq_robin
D:5:      grunt_gozag_breadcrumbs, first_bread, uniq_ijyb, uniq_blork_the_orc
D:6:      gammafunk_temple_overflow_arena, hangedman_decor_clover_reticule
D:7:      minmay_temple_entry_hall, enter_bailey_2, serial_shops,
          nicolae_shop_window_shopping, grunt_ogre_cave
D:8:      serial_shops, kennysheep_mini_moat, uniq_maurice, uniq_psyche
D:9:      minmay_goldmine, serial_shops, kennysheep_little_box, st_stairs_9,
          uniq_erolcha
D:10:     dpeg_lair_monsters, hiddenorc1_lemuel, nrook_pool_corridor
D:11:     lightli_wizard_tower, uniq_erica, uniq_snorg
D:12:     abandoned_shop
D:13:     david_vaults_3
D:14:     minivault_26, minivault_28
D:15:     gammafunk_depths_entry_grave, serial_park_square3,
          minmay_statues_item, st_stairs_9, uniq_roxanne
Lair:1:   fungi_pond_lemuel, grunt_megastairs_1
Lair:2:   minmay_shoals_entry_lonely_mermaid, dummy_spider_entry
Lair:3:   minmay_lair_oklob_chamber, infiniplex_staircase_pool
Lair:4:   grunt_megastairs_5, serial_bayou_shore_b, serial_bayou_shore_b
Lair:5:   dpeg_slime_entry_corner, disabler_island
Lair:6:   grunt_lair_end_beastmaster, nicolae_quartered_pool_medium,
          grunt_forest_stairs_basic
Shoals:1: cheibrodos_shoals_epimethial_gifts, serial_shops, shop,
          nicolae_shoals_loop_pool
Shoals:2: nicolae_shoals_so_close
Shoals:3: portal_ice_cave_entry_ice_statue_one
Shoals:4: shoals_end_grunt_garden, shoals_ilsuiw_ice, yaktaur_hedge
Spider:1: worms_lemuel, uniq_josephine
Spider:2: cheibrodos_forgotten_conduit, spider_trap,
          nicolae_looking_at_the_future, uniq_nikola
Spider:3: uniq_aizul, uniq_arachne, uniq_donald
Spider:4: guppyfry_spider_rune, minivault_29
Orc:1:    basic_altar, bloody_trog, uniq_nergalle
Orc:2:    st_orc_open
Vaults:1: dpeg_vaults_monster_box, vaults_standard_mumra_x,
          nicolae_vaults_lopsided_apartments, nicolae_vaults_network_quincunx,
          ontoclasm_vaults_ring_square, v_misc_2, v_pattern_3,
          ontoclasm_vaults_fault, vaults_dpeg_diagonal, vaults_room_pool,
          hangedman_vaults_nails, nicolae_vaults_theta, serial_ice_g,
          ontoclasm_vaults_idyll, serial_shops, shop
Vaults:2: hangedman_vaults_stagger, v_rooms_4, nicolae_vaults_little_squares_1,
          nicolae_vaults_rhombus_5, nicolae_vaults_gold_heap, v_misc_5,
          minmay_crypt_entry_necro_gods, serial_shops, shop, uniq_mennas
Depths:1: lightli_too_deep, kennysheep_opposing_triangles,
          roderic_lattice_octagonal_star
Bailey:   bailey_polearm_4, bailey
IceCv:    ice_cave_caverns_01

Skill      XL: |  1  2  3  4  5  6  7  8  9 10 11 12 13 14 15 16 17 18 19 20 21 |
---------------+----------------------------------------------------------------+-----
Unarmed Combat | 2 3 4 5 6 7 8 |  8.6
Short Blades   | 1 |  1.0
Armour         | 4 5 7 9 10 11 12 13 14 15 16 17 | 17.6
Polearms       | 5 7 9 11 12 13 14 | 14.1
Shields        | 4 5 7 8 9 10 11 13 14 15 | 15.6
Fighting       | 5 7 9 11 13 15 16 18 19 20 | 20.0
Invocations    | 1 3 5 7 |  7.4
Dodging        | 2 5 7 |  7.0

Action                   |  1- 3 |  4- 6 |  7- 9 | 10-12 | 13-15 | 16-18 | 19-21 || total
-------------------------+-------+-------+-------+-------+-------+-------+-------++-------
Melee: Unarmed           |    31 |       |       |       |       |       |       ||    31
       Short sword       |    85 |   196 |   151 |       |       |       |       ||   432
       Lance             |       |       |     7 |   720 |  1655 |  1655 |   974 ||  5011
       Demon trident     |       |       |       |       |       |       |  1029 ||  1029
Throw: Stone             |       |       |       |     1 |       |       |       ||     1
       Throwing net      |       |       |       |       |     1 |       |       ||     1
       Javelin           |       |       |       |       |       |     1 |       ||     1
Invok: Recall Ancestor   |       |       |     2 |     1 |     6 |     4 |     5 ||    18
       Ancestor Life: Ba |       |       |     1 |       |       |       |       ||     1
       Idealise          |       |       |       |       |       |     1 |       ||     1
Evoke: Wand              |       |       |    20 |     4 |     1 |     8 |       ||    33
  Use: Potion            |     1 |       |     2 |     7 |     6 |     9 |    12 ||    37
       Scroll            |       |     6 |    11 |     9 |    11 |     7 |    17 ||    61
 Stab: Distracted        |       |       |     1 |     1 |    11 |     6 |    16 ||    35
       Petrified         |       |       |       |       |    40 |       |       ||    40
       Held in net/web   |       |       |       |       |     3 |       |     4 ||     7
       Petrifying        |       |       |       |       |     2 |       |       ||     2
  Eat: Chunk             |     1 |     6 |     8 |    18 |    37 |    28 |    36 ||   134
       Fruit             |       |       |       |       |       |     5 |     1 ||     6
Armor: Scale mail        |    46 |    60 |    23 |   214 |   374 |   295 |   173 ||  1185
       Chain mail        |       |    28 |    56 |       |       |       |       ||    84
       Plate armour      |       |       |       |       |       |       |   488 ||   488
Dodge: Dodged            |    36 |    56 |    30 |   100 |   254 |   353 |   520 ||  1349
Block: Shield            |    51 |    99 |    66 |   271 |   592 |   751 |  1220 ||  3050
       Reflection        |       |       |       |    27 |    53 |    67 |    60 ||   207
